 Dungeon Crawl Stone Soup version 0.24.0-123-gd5b16e6ec5 (webtiles) character file.

Game seed: 1163027973055850798, levelgen mode: deterministic

16766 Elellon the Cleaver (level 12, -8/104 HPs)
             Began as a Deep Dwarf Fighter on Jan 2, 2020.
             Was a High Priest of Makhleb.
             Mangled by an enormous slime creature (60 damage)
             ... on level 12 of the Dungeon.
             The game lasted 00:46:59 (10335 turns).

Elellon the Cleaver (Deep Dwarf Fighter)           Turns: 10335, Time: 00:47:00

Health: -8/104     AC: 32    Str: 26    XL:     12   Next: 12%
Magic:  8/8        EV:  5    Int:  8    God:    Makhleb [*****.]
Gold:   626        SH: 11    Dex: 12    Spells: 11/11 levels left

rFire    + . .     SeeInvis .   a - +0 war axe
rCold    . . .     Gourm    .   V - +3 warlock's mirror {reflect}
rNeg     . . .     Faith    .   v - +1 crystal plate armour
rPois    .         Spirit   .   (no helmet)
rElec    .         Reflect  +   r - +2 cloak
rCorr    .         Harm     .   b - +2 pair of gloves
MR       +....                  Q - +2 pair of boots {Fly}
Stlth    ..........             W - +2 amulet of reflection
HPRegen  0.00/turn              G - +1 ring of protection
MPRegen  0.11/turn              z - ring of protection from fire

@: flying, non-regenerating
A: damage resistance, heal wounds, sense surroundings 2, no regeneration
a: Heal Wounds, Minor Destruction, Lesser Servant of Makhleb, Major Destruction,
Greater Servant of Makhleb, Renounce Religion, Stop Flying


You were on level 12 of the Dungeon.
You worshipped Makhleb.
Makhleb was extremely pleased with you.
You were not hungry.

You visited 2 branches of the dungeon, and saw 13 of its levels.
You visited 1 bazaar.
You also visited: Bailey.

You collected 855 gold pieces.
You spent 229 gold pieces at shops.

Inventory:

Hand Weapons
 a - a +0 war axe (weapon)
 C - a +0 flail of protection
 R - a +1 hunting sling of flaming
Missiles
 S - 32 poisoned darts (quivered)
 T - 13 curare-tipped darts
Armour
 b - a +2 pair of gloves (worn)
 c - a +0 shield
 r - a +2 cloak (worn)
 v - a +1 crystal plate armour (worn)
 J - a scarf of resistance
 Q - a +2 pair of boots of flying (worn)
 V - the +3 warlock's mirror (worn) {reflect}
   (You found it on level 12 of the Dungeon)
Jewellery
 z - a ring of protection from fire (right hand)
 F - an uncursed ring of protection from magic
 G - a +1 ring of protection (left hand)
 O - an uncursed ring of protection from magic
 W - a +2 amulet of reflection (around neck)
Wands
 h - a wand of polymorph (24)
 k - a wand of disintegration (13)
 o - a wand of flame (29)
 E - a wand of iceblast (20)
 I - a wand of random effects (15)
 L - a wand of scattershot (3)
Scrolls
 e - a scroll of identify
 j - 2 scrolls of enchant weapon
 l - 2 scrolls of immolation {unknown}
 n - 2 scrolls of fear {unknown}
 p - 6 scrolls of remove curse
 s - 6 scrolls of teleportation
 u - a scroll of magic mapping {unknown}
 y - 4 scrolls of amnesia {unknown}
 B - 3 scrolls of random uselessness
 D - 2 scrolls of enchant armour {unknown}
 K - 3 scrolls of fog {unknown}
 M - a scroll of torment {unknown}
 P - a scroll of summoning {unknown}
Potions
 d - a potion of might
 g - a potion of flight
 i - a potion of heal wounds
 m - 2 potions of invisibility
 q - 2 potions of curing
 t - a potion of ambrosia
 w - a potion of magic
 x - 3 potions of agility
 A - 4 potions of resistance
 H - 5 potions of brilliance
 N - 2 potions of lignification
Miscellaneous
 U - a phantom mirror
Comestibles
 f - 14 rations


   Skills:
 + Level 5.6 Fighting
 * Level 14.3(14.5) Axes
 - Level 1.6(9.0) Maces & Flails
   Level 2.6(8.5) Polearms
 + Level 10.1 Armour
 - Level 0.7 Dodging
 - Level 11.2 Shields


You had 11 spell levels left.
You didn't know any spells.
Your spell library contained the following spells:

 Spells                   Type           Power        Failure   Level  Hunger
 Animate Skeleton         Necr           N/A          100%        1    ##.....
 Apportation              Tloc           #.....       100%        1    ##.....
 Confusing Touch          Hex            #.....       100%        1    ##.....
 Summon Small Mammal      Summ           #...         100%        1    ##.....
 Ignite Poison            Fire/Tmut/Pois #.......     100%        3    ####...
 Fireball                 Conj/Fire      #.........   100%        5    ######.
 Bolt of Fire             Conj/Fire      #.........   100%        6    #######
 Ring of Flames           Chrm/Fire      #.........   100%        7    #######
 Ignition                 Fire           #.........   100%        8    #######


Dungeon Overview and Level Annotations

Branches:
Dungeon (12/15)            Temple (1/1) D:4            Lair (0/6) D:9
    Orc (0/2) D:12         Bailey (visited)

Altars:
Ashenzari
Cheibriados
Dithmenos
Elyvilon
Fedhas
Gozag
Hepliaklqana
Kikubaaqudgha
Makhleb
Nemelex Xobeh
Okawaru
Qazlal
Ru
Sif Muna
Trog
Uskayaw
Vehumet
Wu Jian
Xom
Yredelemnul
Zin
The Shining One

Shops:
D:4 *%   D:5 %(   D:11 }%

Annotations:
D:4 1 runed translucent door, DungeonDestroyer's ghost, amateur GnFi
D:10 2 runed translucent doors, exclusion: orange crystal statue


Innate Abilities, Weirdness & Mutations

You are resistant to damage.
You can heal yourself by infusing magical energy.
You passively map the area around you.
You do not regenerate.


Message History

The large slime creature is heavily wounded.
You hit the enormous slime creature. You hit the slime creature.
You block the slime creature's attack. The enormous slime creature hits you!!!
* * * LOW HITPOINT WARNING * * *
You slash the large slime creature!
The large slime creature is heavily wounded.
You hit the slime creature but do no damage.
Your crystal plate armour prevents you from hitting the enormous slime creature.
The large slime creature hits you but does no damage.
The slime creature hits you but does no damage.
You feel much better.
You block the enormous slime creature's attack.
The large slime creature hits you but does no damage.
The slime creature hits you but does no damage.
You hit the large slime creature.
The large slime creature is heavily wounded.
You barely miss the slime creature. You hit the enormous slime creature.
The enormous slime creature hits you!!!
Ouch! That really hurt!
You die...

#..P.§§§§§§#.......#...
#...≈§§§§).#.......#...
###'.≈§§§.§###########..
..#..≈≈≈§.####....####..
.....≈≈≈≈P§.......#.....
#.....P............#.....
#..................#.....
#.......JJ.†.......#.)...
#.......@J.........#.....
#.####'#####.##...######
* *#..####.##...# * *
...[.....+ ....
,..........# ...*
*..........<# ...
#..........Y.J?...#
#...........(Y.(.%#
####.....$(..##


You could see an enormous slime creature, a large slime creature and a slime
creature.

Vanquished Creatures
  Josephine (D:11)
  A hydra (D:11)
  3 two-headed ogres
  6 wizards (D:12)
  2 cyclopes
  2 centaur zombies
  A kobold demonologist (D:11)
  A troll (D:12)
  2 hornets (D:8)
  2 slime creatures (D:12)
  9 yaks
  5 wraiths (D:11)
  A wyvern (D:10)
  A hungry ghost (D:9)
  11 orc warriors
  A sky beast (D:6)
  6 ice beasts
  5 ogres
  2 black bears
  3 phantoms
  2 necrophages (D:12)
  4 centaurs
  A crocodile (D:9)
  4 big kobolds
  3 bullfrogs
  A gnoll sergeant (D:6)
  3 scorpions
  8 killer bees
  A wight (D:12)
  5 crimson imps
  4 jellies
  2 quasits
  2 bullfrog zombies (D:7)
  A bullfrog skeleton (D:8)
  5 orc priests
  3 centaur skeletons
  3 iguanas
  9 orc wizards
  8 worker ants
  2 hound skeletons
  2 worker ant zombies
  4 gnolls (D:6)
  8 adders
  2 shadow imps
  3 adder zombies
  An adder skeleton (D:10)
  4 worms
  A dart slug (D:2)
  6 leopard geckos
  52 orcs
  A ball python (D:1)
  2 giant cockroaches
  7 goblins
  2 hobgoblins
  17 jackals
  7 quokkas
  6 bats
  4 frilled lizards
  15 kobolds
  A leopard gecko skeleton (D:4)
  2 quokka skeletons
  11 rats
  2 plants (D:2)
  2 withered plants (D:12)
298 creatures vanquished.

Vanquished Creatures (others)
  A bullfrog (D:6)
  An orc priest (D:6)
2 creatures vanquished.

Grand Total: 300 creatures vanquished

Notes
Turn   | Place    | Note
-------+----------+-------------------------------------------
     0 | D:1      | Elellon the Deep Dwarf Fighter began the quest for the Orb.
     0 | D:1      | Reached XP level 1. HP: 20/20 MP: 1/1
    19 | D:1      | You fall into a shaft and drop 1 floor!
    34 | D:2      | Reached XP level 2. HP: 28/28 MP: 2/2
   186 | D:1      | Reached XP level 3. HP: 32/34 MP: 3/3
   332 | D:1      | Reached skill level 3 in Axes
  1061 | D:2      | Found a sacrificial altar of Ru.
  1073 | D:2      | Found an ornate altar of the Wu Jian Council.
  1152 | D:2      | Reached XP level 4. HP: 18/42 MP: 4/4
  1155 | D:2      | Reached skill level 4 in Axes
  1175 | D:2      | Reached XP level 5. HP: 34/49 MP: 4/4
  1991 | D:3      | Found a glowing silver altar of Zin.
  2006 | D:3      | Found a radiant altar of Vehumet.
  2009 | D:3      | Found a basalt altar of Yredelemnul.
  2120 | D:4      | Found Zaeneuby's General Store.
  2137 | D:4      | Reached skill level 5 in Axes
  2171 | D:4      | Found an opulent altar of Gozag.
  2353 | D:4      | Found a staircase to the Ecumenical Temple.
  2366 | Temple   | Entered the Ecumenical Temple
  2556 | Temple   | Became a worshipper of Makhleb the Destroyer
  2596 | D:4      | Reached XP level 6. HP: 41/56 MP: 5/5
  2716 | D:4      | Found Kaokeapt's Food Emporium.
  2782 | D:4      | Found a runed translucent door.
  2783 | D:4      | Noticed DungeonDestroyer's ghost (amateur GnFi)
  2836 | D:5      | Entered Level 5 of the Dungeon
  3031 | D:5      | Reached skill level 1 in Maces & Flails
  3037 | D:5      | Found Ferisuin's Antique Weapon Boutique.
  3249 | D:5      | Found Facw's Food Boutique.
  3391 | D:5      | Reached skill level 5 in Armour
  3391 | D:5      | Reached skill level 5 in Shields
  3391 | D:5      | Reached XP level 7. HP: 41/62 MP: 5/5
  3539 | D:5      | Reached * piety under Makhleb
  3885 | D:6      | Reached XP level 8. HP: 42/69 MP: 5/5
  4478 | D:7      | Reached ** piety under Makhleb
  4572 | D:6      | Found an opulent altar of Gozag.
  4718 | D:7      | Got a steaming leather armour
  4728 | D:7      | Identified the cursed +0 leather armour "Uclu" {rC+ Str+3
                  | Dex+2 Stlth+} (You found it on level 7 of the Dungeon)
  4766 | D:7      | Found a flagged portal.
  4771 | D:7      | Got a smoking spear
  4781 | Bailey   | Entered a bailey
  4783 | Bailey   | Identified the +4 spear of Power {venom, -Tele rC+++ Dex+3
                  | SInv} (You found it on level 7 of the Dungeon)
  5208 | Bailey   | Reached skill level 1 in Polearms
  5219 | Bailey   | Gained mutation: You passively map the area around you.
                  | [Deep Dwarf growth]
  5219 | Bailey   | Reached XP level 9. HP: 41/75 MP: 6/6
  5974 | D:8      | Reached skill level 10 in Shields
  6093 | D:8      | Paralysed by a hornet for 3 turns
  6105 | D:8      | Reached *** piety under Makhleb
  6105 | D:8      | Reached skill level 6 in Axes
  6296 | D:8      | Reached skill level 7 in Axes
  6541 | D:8      | Noticed a two-headed ogre
  6554 | D:8      | Killed a two-headed ogre
  6554 | D:8      | Reached XP level 10. HP: 82/84 MP: 7/7
  6609 | D:8      | Reached skill level 8 in Axes
  7362 | D:9      | Reached skill level 9 in Axes
  7435 | D:9      | Found a staircase to the Lair.
  7826 | D:10     | Entered Level 10 of the Dungeon
  7931 | D:10     | Noticed a two-headed ogre
  7956 | D:9      | Killed a two-headed ogre
  7956 | D:9      | Reached skill level 10 in Axes
  8193 | D:10     | Noticed a two-headed ogre
  8213 | D:10     | Killed a two-headed ogre
  8266 | D:10     | Reached **** piety under Makhleb
  8458 | D:10     | Found the +10 large shield of Ignorance {rN+ Int-4}
  8464 | D:10     | Found a runed translucent door.
  8469 | D:10     | Noticed an orange crystal statue
  8579 | D:10     | Found a runed translucent door.
  8596 | D:10     | Reached skill level 11 in Axes
  8717 | D:11     | Found Zasmiso's Food Emporium.
  8717 | D:11     | Found Giclen's Gadget Shoppe.
  8757 | D:11     | Found a flickering gateway to a bazaar.
  8769 | D:11     | Reached XP level 11. HP: 70/92 MP: 8/8
  8802 | Bazaar   | Entered a bazaar
  8819 | Bazaar   | Found Umyng's Jewellery Shoppe.
  8819 | Bazaar   | Found Cibigud's Magic Scroll Emporium.
  8840 | Bazaar   | Found Ecsaipe's Weapon Shoppe.
  8855 | Bazaar   | Found Nyovvull's Jewellery Shoppe.
  8855 | Bazaar   | Found Uruipt's Magic Scroll Emporium.
  8859 | Bazaar   | Bought a scroll of enchant weapon for 97 gold pieces
  8859 | Bazaar   | Bought a scroll of teleportation for 39 gold pieces
  8859 | Bazaar   | Bought a scroll of random uselessness for 13 gold pieces
  8921 | Bazaar   | Bought a scroll of identify for 26 gold pieces
  8921 | Bazaar   | Bought a scroll of identify for 26 gold pieces
  8947 | Bazaar   | Bought a scroll of identify for 28 gold pieces
  9011 | D:11     | Found a shadowy altar of Dithmenos.
  9209 | D:11     | Noticed Josephine
  9213 | D:11     | Noticed a sun demon
  9238 | D:11     | Killed Josephine
  9238 | D:11     | Reached skill level 12 in Axes
  9458 | D:11     | Noticed a six-headed hydra
  9478 | D:11     | Killed a six-headed hydra
  9478 | D:11     | Reached skill level 5 in Fighting
  9727 | D:12     | Found a staircase to the Orcish Mines.
  9727 | D:12     | Noticed an orc knight
  9796 | D:12     | Noticed a wizard
  9804 | D:12     | Reached skill level 13 in Axes
  9822 | D:12     | Killed a wizard
  9936 | D:12     | Noticed a wizard
  9938 | D:12     | Noticed a wizard
  9942 | D:12     | Noticed a wizard
  9943 | D:12     | Paralysed by a wizard for 2 turns
  9949 | D:12     | Killed a wizard
 10077 | D:12     | Killed a wizard
 10085 | D:12     | Killed a wizard
 10085 | D:12     | Reached skill level 10 in Armour
 10123 | D:12     | Noticed a wizard
 10126 | D:12     | Noticed a wizard
 10140 | D:12     | Killed a wizard
 10144 | D:12     | Killed a wizard
 10144 | D:12     | Reached skill level 14 in Axes
 10144 | D:12     | Reached XP level 12. HP: 65/103 MP: 8/8
 10147 | D:12     | Found the +3 warlock's mirror {reflect}
 10304 | D:12     | Reached ***** piety under Makhleb
 10335 | D:12     | Mangled by an enormous slime creature

Levels and vault maps discovered:
D:1:      minmay_arrival_split_and_join, layout_basic
D:2:      cheibrodos_pilgrimage, layout_rooms, grunt_temple_overflow_open,
          serial_forest, infiniplex_forest_corner_2,
          infiniplex_forest_straight_1, infiniplex_forest_clump_medium,
          infiniplex_forest_lined_corner, infiniplex_forest_end_2,
          infiniplex_forest_end_3, infiniplex_forest_3_way
D:3:      layout_loops_cross, grunt_temple_overflow_diamond,
          kennysheep_generic_room_9
D:4:      layout_rooms, grunt_gozag_statues, minmay_temple_entry_slanted,
          gammafunk_ghost_grave, serial_curves, eino_curves_02, eino_curves_03,
          serial_shops, shop, kennysheep_mini, first_ration
D:5:      layout_basic, serial_shops, nicolae_shop_statue_plus,
          nicolae_shop_behind_doors
D:6:      lemuel_upstairs_altar, layout_basic
D:7:      layout_basic, enter_bailey_2
D:8:      layout_basic, blue_anna_alchemist [blue_anna_fruit_fields,
          blue_anna_fruit_fields]
D:9:      layout_loops_corners, lair_entry_dummy
D:10:     layout_loops_corners, chequers_guarded_unrand_ignorance
D:11:     layout_cross, serial_shops, bzr_entry_dummy, shop,
          nicolae_shop_statue_plus, basic_altar, uniq_josephine
D:12:     minmay_smoke_and_mirrors, layout_gridville, orc_david_3,
          serial_undead, serial_undead_e, serial_undead_f, serial_undead_e,
          serial_undead_a
Temple:   eino_temple_rhombus

Skill      XL: |  1  2  3  4  5  6  7  8  9 10 11 |
---------------+----------------------------------+-----
Fighting       | 3 4 5 |  5.6
Axes           | 3 4 5 7 11 14 | 14.3
Shields        | 4 5 7 9 11 | 11.2
Armour         | 4 5 6 7 8 9 10 | 10.1
Maces & Flails | 1 |  1.6
Polearms       | 1 2 |  2.6
Dodging        | |  0.7

Action                   |  1- 3 |  4- 6 |  7- 9 | 10-12 || total
-------------------------+-------+-------+-------+-------++-------
Melee: War axe           |   102 |   115 |   243 |   731 ||  1191
       Flail             |       |   128 |   252 |    16 ||   396
       Spear             |       |       |    61 |       ||    61
Throw: Dart              |       |     1 |    41 |     7 ||    49
 Abil: Heal Wounds       |     1 |     4 |    14 |     7 ||    26
  Use: Scroll            |       |       |     4 |    12 ||    16
  Eat: Chunk             |     1 |     4 |     9 |     8 ||    22
       Ration            |       |     1 |     1 |     2 ||     4
Armor: Scale mail        |    55 |    99 |   105 |       ||   259
       Crystal plate arm |       |       |   250 |   597 ||   847
Dodge: Dodged            |    42 |    57 |   163 |   100 ||   362
Block: Shield            |    55 |   117 |   470 |   443 ||  1085
       Reflection        |       |       |       |     1 ||     1
       Buckler           |       |       |       |    31 ||    31
